 Dungeon Crawl Stone Soup version 0.30.1-11-g7821555f0a (webtiles) character file.

Game seed: 16742881614163783605

2587 KittyFluff the Covered (level 9, 0/55 HPs)
             Began as a Gargoyle Berserker on Nov 11, 2023.
             Was a Priest of Trog.
             Slain by an orc warrior
             ... wielding a +0 short sword
              (1 damage)
             ... on level 6 of the Dungeon.
             The game lasted 00:25:59 (6440 turns).

KittyFluff the Covered (Gargoyle Berserker)         Turns: 6440, Time: 00:25:59

Health: 0/55       AC: 16    Str: 26    XL:     9   Next: 58%
Magic:  9/9        EV: 12    Int:  7    God:    Trog [***...]
Gold:   298        SH:  0    Dex:  9    Spells: 8/8 levels left

rFire   + . .        A - +1 hammer (holy)
rCold   . . .        (no shield)
rNeg    + . .        F - +2 leather armour {rF+}
rPois   ∞            g - +0 helmet
rElec   +            z - +0 cloak
rCorr   .            r - +0 pair of gloves
SInv    .            (no boots)
Will    .....        (no amulet)
Stlth   ++           (no ring)
HPRegen 0.29/turn    (no ring)
MPRegen 0.11/turn

%: no passive effects
@: on berserk cooldown, slowed, very slow
A: sickness immunity, AC +6, negative energy resistance 1, electricity
resistance, torment resistance 1, petrification resistance
a: Renounce Religion, Berserk, Trog's Hand


You were on level 6 of the Dungeon.
You worshipped Trog.
Trog was most pleased with you.
You visited 1 branch of the dungeon, and saw 6 of its levels.

You collected 298 gold pieces.

Inventory:

Hand Weapons
 q - a +0 sling
 y - a +3 quarterstaff of chaos
 A - a +1 hammer of holy wrath (weapon)
 B - a +4 shortbow
Missiles
 C - 6 poisoned darts (quivered)
Armour
 g - a +0 helmet (worn)
 r - a +0 pair of gloves (worn)
 w - a +2 ring mail of fire resistance
 z - a +0 cloak (worn)
 F - a +2 leather armour of fire resistance (worn)
Wands
 v - a wand of roots (12)
 D - a wand of mindburst (12)
Scrolls
 b - a scroll of silence {unknown}
 c - a scroll of acquirement {unknown}
 d - 2 scrolls of enchant armour {unknown}
 e - 3 scrolls of fog {unknown}
 h - a scroll of vulnerability {unknown}
 k - 3 scrolls of teleportation
 l - 2 scrolls of poison {unknown}
 m - 2 scrolls of enchant weapon {unknown}
 n - 6 scrolls of identify {unknown}
 s - a scroll of blinking {unknown}
 t - a scroll of butterflies {unknown}
 u - 2 scrolls of torment {unknown}
 H - 3 scrolls of amnesia {unknown}
 K - a scroll of immolation {unknown}
Potions
 a - a potion of lignification {unknown}
 f - a potion of degeneration {unknown}
 i - 4 potions of curing {unknown}
 j - a potion of resistance {unknown}
 o - 2 potions of attraction {unknown}
 p - 5 potions of heal wounds {unknown}
 x - a potion of might {unknown}
 E - a potion of haste
 G - a potion of berserk rage {unknown}
 I - a potion of brilliance {unknown}
 J - 2 potions of ambrosia {unknown}


   Skills:
 + Level 6.2 Fighting
 * Level 7.4 Maces & Flails
 * Level 7.8 Armour
 + Level 4.1 Dodging
 + Level 5.5 Stealth


You had 8 spell levels left.
You didn't know any spells.
Your spell library was empty.

Dungeon Overview and Level Annotations

Branches:
Dungeon (6/15)             Temple (0/1) D:4

Altars:
Trog

Shops:
D:4 :


Innate Abilities, Weirdness & Mutations

You are immune to sickness and miasma.
Your stone body is resilient. (AC +6)
You are immune to poison.
You resist negative energy. (rN+)
You are resistant to electric shocks. (rElec)
You are resistant to unholy torment.
You are immune to petrification.


Message History

The orc warrior is almost dead.
The centaur hits you but does no damage.
The centaur barely misses you.
You barely miss the orc warrior.
The orc warrior is almost dead.
The centaur barely misses you. The centaur closely misses you.
The orc warrior hits you but does no damage.
The sleepcap releases spores at you but does no damage.
You hit the orc warrior.
The orc warrior is almost dead.
The centaur barely misses you.
The centaur kicks you but does no damage.
The orc wizard mumbles some strange words.
The orc wizard flickers and vanishes!
Deactivating autopickup; reactivate with Ctrl-A.
The orc warrior hits you with a +0 short sword.
The sleepcap releases spores at you.
You closely miss the orc warrior.
The orc warrior is almost dead.
The centaur closely misses you.
The centaur kicks you but does no damage.
You closely miss the orc warrior. Your punch misses the orc warrior.
The orc warrior is almost dead.
The centaur hits you.
* * * LOW HITPOINT WARNING * * *
The centaur kicks you but does no damage.
The orc priest calls down the wrath of Beogh upon you.
Beogh smites you!
* * * LOW HITPOINT WARNING * * *
The sleepcap releases spores at you but does no damage.
You hit the centaur.
The centaur is lightly wounded.
You are no longer berserk.
You are exhausted.
You feel yourself slow down. The centaur misses you.
The centaur kicks you but does no damage.
Something hits you.
* * * LOW HITPOINT WARNING * * *
The orc warrior hits you with a +0 short sword.
You die...

##)..........#
##...##.......## #
##.....#####....######.>.
#..._...# ##.............
#.......###...........###
#^#####'##.......######
#######†##o).###.#
#.....##oo### ###
#######@c## ....o
#.....f## ..... ##...oo#
..... #.....# o....
#....fo..o. .....
##......... ....o
#.......## .....
......### #......#


You could see an orc warrior, 2 sleepcaps, a centaur, an orc priest and 4 orcs.

Vanquished Creatures
  A two-headed ogre (D:5)
  Grinder (D:3)
  Eustachio (D:4)
  An orc warrior (D:6)
  A black bear (D:4)
  3 ogres (D:5)
  A centaur (D:5)
  A phantom (D:5)
  A kobold brigand (D:4)
  A bullfrog (D:5)
  6 scorpions
  A howler monkey (D:5)
  A hound (D:5)
  2 jellies
  Crazy Yiuf (D:3)
  3 orc priests
  An iguana (D:6)
  A sleepcap (D:6)
  An orc wizard (D:5)
  Ijyb (D:3)
  Natasha (thrice) (D:3)
  Robin (D:4)
  5 adders
  2 shadow imps (D:5)
  3 worms
  3 dart slugs
  5 orcs (D:5)
  11 ball pythons
  2 bats (D:2)
  6 endoplasms (D:3)
  6 giant cockroaches
  9 goblins
  19 hobgoblins
  4 jackals
  4 kobolds
  4 quokkas
  3 frilled lizards
  3 rats
123 creatures vanquished.

Notes
Turn   | Place    | Note
-------+----------+-------------------------------------------
     0 | D:1      | KittyFluff the Gargoyle Berserker began the quest for the
                  | Orb.
     0 | D:1      | Reached XP level 1. HP: 14/14 MP: 1/1
   403 | D:1      | Reached XP level 2. HP: 16/19 MP: 2/2
   788 | D:2      | Reached XP level 3. HP: 20/23 MP: 3/3
   794 | D:2      | Reached skill level 1 in Stealth
   851 | D:2      | Reached ** piety under Trog
   960 | D:2      | Found a faded altar of an unknown god.
  1069 | D:2      | Reached XP level 4. HP: 13/28 MP: 4/4
  1277 | D:3      | Noticed Natasha
  1289 | D:3      | Killed Natasha
  1356 | D:3      | Noticed Natasha
  1454 | D:3      | Killed Natasha
  1455 | D:3      | Reached XP level 5. HP: 13/33 MP: 5/5
  1775 | D:3      | Noticed Natasha
  1788 | D:3      | Killed Natasha
  2162 | D:3      | Identified the +6 flail of Buanogh {pain, rC+ Int+3}
  2341 | D:3      | Noticed Grinder
  2367 | D:3      | HP: 2/49 [Grinder (2)]
  2369 | D:3      | Killed Grinder
  2370 | D:3      | Reached XP level 6. HP: 2/38 MP: 6/6
  2680 | D:3      | Noticed Ijyb
  2713 | D:3      | Killed Ijyb
  2996 | D:3      | Found a runed translucent door.
  2997 | D:3      | Noticed Crazy Yiuf
  3005 | D:3      | Killed Crazy Yiuf
  3220 | D:4      | Noticed a black bear
  3258 | D:4      | Killed a black bear
  3259 | D:4      | Reached XP level 7. HP: 24/44 MP: 7/7
  3573 | D:4      | Found Zohyziq's Tremendous Tomes.
  3709 | D:4      | Found a staircase to the Ecumenical Temple.
  3778 | D:4      | Reached skill level 5 in Maces & Flails
  3778 | D:4      | Reached skill level 5 in Armour
  4202 | D:4      | Noticed Robin
  4244 | D:4      | Killed Robin
  4353 | D:4      | Noticed Eustachio
  4409 | D:4      | Killed Eustachio
  4409 | D:4      | Reached *** piety under Trog
  4805 | D:5      | Entered Level 5 of the Dungeon
  4823 | D:5      | Reached XP level 8. HP: 32/48 MP: 8/8
  4892 | D:5      | Noticed a two-headed ogre
  4907 | D:5      | Killed a two-headed ogre
  4908 | D:5      | Reached skill level 5 in Fighting
  5276 | D:5      | Reached XP level 9. HP: 51/54 MP: 9/9
  5562 | D:5      | Reached skill level 5 in Stealth
  6274 | D:6      | Found a bloodstained altar of Trog.
  6440 | D:6      | HP: 1/55 [something (3)]
  6440 | D:6      | Slain by an orc warrior

Illustrated notes

Levels and vault maps discovered:
D:1:      scummos_arrival_hexagon, layout_loops_ring,
          chequers_serial_rivers_room_a, dreamdust_wishing_well
D:2:      layout_rooms, dilly_ecumenical_altar_fadedgnrine
D:3:      layout_basic, uniq_natasha, uniq_crazy_yiuf_cottage, uniq_ijyb,
          uniq_grinder
D:4:      layout_layer_cave, temple_doors_ab, chequers_jeans,
          nicolae_shop_i_like_big_books, kennysheep_minor_cross, st_stairs_8,
          minmay_bisected, uniq_robin, uniq_eustachio
D:5:      layout_loops_corners
D:6:      layout_layer_cave, dk_xom_monty_hall, trog_butcher_becter,
          nicolae_elevator_lobby_asterisk, uniq_maggie

Skill      XL: |  1  2  3  4  5  6  7  8  9 |
---------------+----------------------------+-----
Stealth        | 1 2 3 4 5 |  5.5
Armour         | 3 4 5 6 7 |  7.8
Dodging        | 2 3 4 |  4.1
Maces & Flails | 4 5 6 7 |  7.4
Fighting       | 4 5 6 |  6.2

Action                     |  1- 3 |  4- 6 |  7- 9 || total
---------------------------+-------+-------+-------++-------
  Melee: Mace              |   108 |   179 |   310 ||   597
         Punch             |       |       |     7 ||     7
  Throw: Dart              |       |       |     3 ||     3
 Invoke: Berserk           |       |     6 |     4 ||    10
    Use: Scroll            |       |       |     1 ||     1
   Stab: Sleeping          |       |     3 |     4 ||     7
 Armour: Animal skin       |    52 |    10 |       ||    62
         Leather armour    |       |    66 |   172 ||   238
  Dodge: Dodged            |    78 |   117 |   225 ||   420
